 Dungeon Crawl Stone Soup version 0.22-a0-782-g038298e (webtiles) character file.

51 iamserjio the Firebug (level 3, 1/19 HPs)
             Began as a Tengu Fire Elementalist on July 20, 2018.
             Quit the game on level 4 of the Dungeon.
             The game lasted 00:04:08 (550 turns).

iamserjio the Firebug (Tengu Fire Elementalist)      Turns: 550, Time: 00:04:09

Health: 1/19       AC:  3    Str:  8    XL:     3   Next: 81%
Magic:  2/7        EV: 12    Int: 16    God:
Gold:   67         SH:  0    Dex: 14    Spells: 6/7 levels left

rFire    . . .     SeeInvis .   e - +0 club
rCold    . . .     Gourm    .   (no shield)
rNeg     . . .     Faith    .   a - +0 robe
rPois    .         Spirit   .   (helmet restricted)
rElec    .         Reflect  .   g - +0 cloak
rCorr    .         Harm     .   (no gloves)
MR       .....                  (boots unavailable)
Stlth    ++........             (no amulet)
HPRegen  0.06/turn              (no ring)
MPRegen  0.10/turn              (no ring)

@: lethally poisoned (1 -> -3)
A: beak, talons 3
a: no special abilities


You were on level 4 of the Dungeon.
You were not hungry.

You visited 1 branch of the dungeon, and saw 4 of its levels.

You collected 67 gold pieces.

Inventory:

Hand Weapons
 e - a +0 club (weapon)
 k - a +2 dagger of freezing
Missiles
 l - 7 curare-tipped needles {!f}
Armour
 a - a +0 robe (worn)
 b - a +0 leather armour
 g - a +0 cloak (worn)
Scrolls
 d - 3 scrolls of remove curse {unknown}
 f - a scroll of enchant weapon {unknown}
 h - 6 scrolls of identify {unknown}
 j - a scroll of teleportation {unknown}
Comestibles
 c - 2 rations
 i - a chunk of flesh


   Skills:
 - Level 2.1 Dodging
 - Level 2.0 Stealth
 + Level 2.5 Spellcasting
 * Level 3.5 Conjurations
 + Level 3.7 Fire Magic


You had 6 spell levels left.
You knew the following spells:

 Your Spells              Type           Power        Failure   Level  Hunger
a - Flame Tongue          Conj/Fire      ##...        4%          1    #......

Your spell library contained the following spells:

 Spells                   Type           Power        Failure   Level  Hunger
 Fireball                 Conj/Fire      ##........   77%         5    ######.
 Conjure Flame            Conj/Fire      ##......     13%         3    ###....
 Throw Flame              Conj/Fire      ##....       7%          2    ##.....
 Sticky Flame             Conj/Fire      ##......     41%         4    #####..
 Inner Flame              Hex/Fire       #.......     26%         3    ###....


Dungeon Overview and Level Annotations

Branches:
Dungeon (4/15)
 Temple: D:4-7

Altars:


Innate Abilities, Weirdness & Mutations

You have a beak for a mouth.
You have claws for feet.


Message History

Found a stone staircase leading down.
* * * LOW HITPOINT WARNING * * *
You feel sick.
Found a tapered lead wand.
* * * LOW HITPOINT WARNING * * *
You feel sick.
Found 2 scrolls labeled UCHUVYA YSTRAN.
There is a stone staircase leading down here.
You climb downwards.
* * * LOW HITPOINT WARNING * * *
You feel sick.
Found a stone staircase leading down.
There is a stone staircase leading up here.
A worker ant comes into view.
The worker ant twitches its antennae in your direction.
Found 10 gold pieces.
Found a stone staircase leading down.
A ball python skeleton comes into view.
* * * LOW HITPOINT WARNING * * *
You feel sick.
Are you sure you want to abandon this character and quit the game? (Confirm with "yes".)

.#..... .#
..........
.#.....#.#
..$.a....#
.♣.......# #
.........#.#
Z♣.....#.#.#
......>@...#
.#...###.######
... ###...>..#
. #.....##.#
#.<...# #.....#
#.....# #.....#
###.....


You could see a worker ant and a ball python skeleton (dormant).

Vanquished Creatures
  2 adders
  A worm (D:2)
  A dart slug (D:1)
  2 leopard geckos (D:1)
  A ball python (D:1)
  3 bats
  2 giant cockroaches (D:2)
  2 goblins (D:1)
  2 hobgoblins (D:1)
  2 kobolds
  A quokka (D:2)
  3 frilled lizards
  5 rats
27 creatures vanquished.

Notes
Turn   | Place    | Note
-------+----------+-------------------------------------------
     0 | D:1      | iamserjio the Tengu Fire Elementalist began the quest for the Orb.
     0 | D:1      | Reached XP level 1. HP: 10/10 MP: 4/4
    70 | D:1      | Reached XP level 2. HP: 7/15 MP: 1/6
   358 | D:2      | Reached XP level 3. HP: 6/19 MP: 7/7
   550 | D:4      | Quit the game

Vault maps used:
D:1:      lemuel_arrival_behind_the_door_large, serial_park_tiny_2
D:3:      kennysheep_vampire_church, first_ration
D:4:      gammafunk_temple_overflow_claw, okawaru_trees_1, uniq_robin,
          uniq_menkaure, uniq_pikel

Skill      XL: |  1  2  3 |
---------------+----------+-----
Conjurations   | 2 3 |  3.5
Dodging        | |  2.1
Stealth        | |  2.0
Spellcasting   | |  2.5
Fire Magic     | |  3.7

Action                   || total
-------------------------++-------
Melee: Club              ||    25
       Unarmed           ||     7
       Peck              ||     5
       Kick              ||     3
 Cast: Flame Tongue      ||    33
 Stab: Sleeping          ||     2
Armor: Robe              ||     8
Dodge: Dodged            ||    18

Table legend:
 A = Spawn XP
 B = Non-spawn XP
 C = Spawn XP percentage of total XP
 D = Spawn monster count
 E = Non-spawn monster count
 F = Spawn count percentage of total count
 G = Total turns spent on level
                    A         B        C        D         E        F      G
               +---------+---------+-------+---------+---------+-------+---------
         Total |       0 |      73 |   0.0 |       0 |      27 |   0.0 |   550
               +---------+---------+-------+---------+---------+-------+---------
           D:1 |       0 |      26 |   0.0 |       0 |      13 |   0.0 |   310
           D:2 |       0 |      33 |   0.0 |       0 |      12 |   0.0 |   175
           D:3 |       0 |      14 |   0.0 |       0 |       2 |   0.0 |    60
               +---------+---------+-------+---------+---------+-------+---------
